 Dungeon Crawl Stone Soup version 0.26-a0-466-g989023bd0d (webtiles) character file.

Game seed: 9127509852672571920

4989 Infinimo the Grappler (level 10, -3/79 HPs)
             Began as a Demonspawn Transmuter on July 29, 2020.
             Was an Initiate of Gozag.
             Slain by a yak (13 damage)
             ... on level 10 of the Dungeon.
             The game lasted 00:15:44 (15333 turns).

Infinimo the Grappler (Demonspawn Transmuter)      Turns: 15333, Time: 00:15:45

Health: -3/79      AC: 11    Str: 15    XL:     10   Next: 29%
Magic:  13/13      EV: 12    Int: 14    God:    Gozag
Gold:   523        SH:  0    Dex: 13    Spells: 7/13 levels left

rFire    + . .     SeeInvis .     - Unarmed
rCold    + + +     Faith    .   (no shield)
rNeg     . . .     Spirit   .   n - +2 leather armour {rC+}
rPois    +         Reflect  .   (no helmet)
rElec    +         Harm     .   d - +0 cloak
rCorr    +                      l - +0 pair of gloves
MR       .....                  (no boots)
Stlth    +.........             (no amulet)
HPRegen  0.23/turn              q - ring of protection from cold
MPRegen  0.13/turn              (no ring)

@: mighty, resistant, marked, gold aura, stab, very slightly contaminated,
hasted, lightly drained, invisible, very quick
A: yellow scales 3, foul stench 1, powered by pain 1, rot immunity
a: Potion Petition, Call Merchant, Bribe Branch, Renounce Religion


You were on level 10 of the Dungeon.
You worshipped Gozag.
Gozag was pleased with you.
You visited 2 branches of the dungeon, and saw 11 of its levels.

You collected 958 gold pieces.
You spent 294 gold pieces at shops.
You paid 141 gold pieces to Gozag.

Inventory:

Hand Weapons
 j - a +3 dagger of venom
Missiles
 e - 14 poisoned darts (quivered)
Armour
 d - a +0 cloak (worn)
 l - a +0 pair of gloves (worn)
 n - a +2 leather armour of cold resistance (worn)
Jewellery
 q - a ring of protection from cold (left hand)
Scrolls
 a - a scroll of noise
 f - a scroll of immolation {unknown}
 g - a scroll of fog
 i - a scroll of remove curse
 m - 2 scrolls of magic mapping
 s - a scroll of identify
 t - a scroll of enchant weapon
Potions
 b - 2 potions of flight
 c - a potion of heal wounds
 h - a potion of resistance
 o - 2 potions of magic


   Skills:
 + Level 7.6(7.5) Fighting
 - Level 1.7(1.6) Dodging
 * Level 10.3(10.1) Unarmed Combat
 - Level 2.0(1.8) Spellcasting
 + Level 7.2(7.0) Transmutations


You had 7 spell levels left.
You knew the following spells:

 Your Spells              Type           Power        Failure   Level
a - Beastly Appendage     Tmut           ###...       1%          1
b - Blade Hands           Tmut           ###.......   41%         5

Your spell library contained the following spells:

 Spells                   Type           Power        Failure   Level
 Wereblood                Tmut           ###.....     2%          2
 Spider Form              Tmut/Pois      ##........   21%         3
 Magic Dart               Conj           #...         30%         1
 Shock                    Conj/Air       #...         30%         1
 Searing Ray              Conj           #.....       41%         2
 Swiftness                Air            #.......     41%         2
 Ice Form                 Ice/Tmut       ##......     56%         4
 Dazzling Flash           Conj/Hex       #.....       65%         3
 Static Discharge         Conj/Air       #.......     65%         3
 Airstrike                Air            #.........   96%         4
 Fulminant Prism          Conj/Hex       #.........   96%         4
 Iskenderun's Mystic Bla  Conj/Tloc      #.......     96%         4
 Lightning Bolt           Conj/Air       #.........   100%        5


Dungeon Overview and Level Annotations

Branches:
Dungeon (10/15)            Temple (1/1) D:6
   Lair: D:8-11         Orc: D:9-12

Altars:
Ashenzari
Cheibriados
Dithmenos
Elyvilon
Fedhas
Gozag
Hepliaklqana
Kikubaaqudgha
Makhleb
Nemelex Xobeh
Okawaru
Qazlal
Ru
Sif Muna
Trog
Uskayaw
Vehumet
Wu Jian
Xom
Yredelemnul
Zin
The Shining One

Shops:
D:6 !

Annotations:
D:5 exclusions: plant and 1 more exclusion
D:9 exclusion: 2 oklob plants, Harold


Innate Abilities, Weirdness & Mutations

You are completely covered in yellow scales. (AC +4, rCorr)
You may emit foul miasma when damaged in melee.
You sometimes gain a little power by taking damage.
You are immune to rotting.


Message History

You kill the hell rat!
You now have 523 gold pieces (gained 4).
c - a potion of heal wounds An ufetubus comes into view.
There are no items here.
You start resting.
An ufetubus is nearby!
An ufetubus is nearby!
The helpless ufetubus fails to defend itself.
You pummel the ufetubus!!
You kill the ufetubus!
You feel a little less agile now.
The wight becomes distracted by the nearby gold, dreaming of imaginary riches.
An orc wizard comes into view. It is wielding a +0 dagger.
The death yak gores you.
* * * LOW HITPOINT WARNING * * *
An orc comes into view. It is wielding a +0 hand axe.
The yak gores you!
You die...
Your body crumbles into a pile of gold.

# #. .o.... #.......#
######.......#. #.......#
.....#.#......$ #.......#
#.##...5....## ##.....## #
..##.......# #.$.....# #
.........# ##.......# #
#.......# ##Y.Y.....#
#######......###........##
##.YY..z.)..Yooz@#Y#...##
z..############Y#..#####
.### #..o## .# ##.Y## .#
#.o.# .# ##..## .# ##Y..#
.. #####..#..# ..
#.....###...#


You could see 3 death yaks, 3 yaks, a wight (unaware), an orc priest, an orc
wizard and 2 orcs.

Vanquished Creatures
  An ugly thing (D:10)
  A hornet (D:10)
  2 hippogriffs
  7 yaks
  A wyvern (D:9)
  A floating eye (D:9)
  A black bear (D:8)
  2 ice beasts
  A sky beast (D:5)
  A phantom (D:6)
  A necrophage (D:10)
  4 centaurs
  6 ogres
  A bullfrog (D:10)
  A wyvern skeleton (D:8)
  3 scorpions
  2 wights (D:10)
  A howler monkey (D:5)
  A bullfrog zombie (D:5)
  3 jellies
  7 hounds
  A bullfrog skeleton (D:7)
  2 orc priests
  8 orc wizards
  3 iguanas
  A hell rat (D:10)
  A worker ant (D:5)
  A hound zombie (D:7)
  8 gnolls
  10 adders
  A shadow imp (D:5)
  2 white imps
  2 ufetubi
  5 oozes
  An adder zombie (D:7)
  2 worms
  2 dart slugs
  2 leopard geckos
  23 orcs
  5 giant cockroaches
  5 hobgoblins
  4 jackals
  6 quokkas
  A ball python (D:4)
  16 bats
  6 frilled lizards
  5 goblins
  A jackal zombie (D:5)
  10 kobolds
  2 leopard gecko skeletons
  A leopard gecko zombie (D:5)
  A quokka skeleton (D:6)
  7 rats
193 creatures vanquished.

Notes
Turn   | Place    | Note
-------+----------+-------------------------------------------
     0 | D:1      | Infinimo the Demonspawn Transmuter began the quest for the
                  | Orb.
     0 | D:1      | Reached XP level 1. HP: 15/15 MP: 3/3
   659 | D:1      | Reached skill level 3 in Unarmed Combat
   663 | D:1      | Gained mutation: You are partially covered in yellow
                  | scales. (AC +2) [demonic ancestry]
   663 | D:1      | Reached XP level 2. HP: 21/21 MP: 5/5
  1398 | D:1      | Gained mutation: You are immune to rotting. [demonic
                  | ancestry]
  1398 | D:1      | Reached XP level 3. HP: 27/27 MP: 6/6
  2015 | D:2      | Found a burning altar of Makhleb.
  2028 | D:2      | Gained mutation: You are mostly covered in yellow scales.
                  | (AC +3) [demonic ancestry]
  2028 | D:2      | Reached XP level 4. HP: 23/33 MP: 7/7
  3071 | D:3      | Reached skill level 4 in Unarmed Combat
  3435 | D:3      | Gained mutation: You may emit foul miasma when damaged in
                  | melee. [demonic ancestry]
  3435 | D:3      | Reached XP level 5. HP: 23/39 MP: 8/8
  3893 | D:3      | Found a basalt altar of Yredelemnul.
  4332 | D:3      | Found an ancient bone altar of Kikubaaqudgha.
  5297 | D:3      | Reached XP level 6. HP: 12/46 MP: 9/9
  5763 | D:4      | Reached skill level 5 in Unarmed Combat
  7269 | D:5      | Entered Level 5 of the Dungeon
  7298 | D:5      | Noticed a sky beast
  7311 | D:5      | Reached XP level 7. HP: 49/52 MP: 10/10
  7832 | D:5      | Reached skill level 6 in Unarmed Combat
  9469 | D:6      | Found a basalt altar of Yredelemnul.
  9489 | D:6      | Gained mutation: You are completely covered in yellow
                  | scales. (AC +4, rCorr) [demonic ancestry]
  9489 | D:6      | Reached XP level 8. HP: 19/61 MP: 11/11
  9729 | D:6      | Found Juamex's Distillery.
  9732 | D:6      | Bought a potion of curing for 42 gold pieces
  9732 | D:6      | Bought a potion of curing for 42 gold pieces
  9732 | D:6      | Bought a potion of heal wounds for 70 gold pieces
  9732 | D:6      | Bought a potion of haste for 140 gold pieces
  9925 | D:6      | Found a sacrificial altar of Ru.
  9943 | D:6      | Found a staircase to the Ecumenical Temple.
 10302 | D:6      | Learned a level 5 spell: Blade Hands
 10440 | D:6      | Reached skill level 7 in Unarmed Combat
 10482 | D:6      | Reached skill level 5 in Fighting
 10616 | D:7      | Reached skill level 5 in Transmutations
 10733 | D:7      | Noticed a hippogriff
 10746 | D:7      | Killed a hippogriff
 11170 | D:7      | Found a blossoming altar of Fedhas.
 11170 | D:7      | Found a faded altar of an unknown god.
 11175 | D:7      | Found a faded altar of an unknown god.
 11177 | D:7      | Found a hazy altar of Hepliaklqana.
 11179 | D:7      | Found a shimmering blue altar of Sif Muna.
 11362 | D:7      | Found a sparkling altar of Nemelex Xobeh.
 11470 | Temple   | Entered the Ecumenical Temple
 11621 | Temple   | Became a worshipper of Gozag Ym Sagoz the Greedy
 11700 | D:8      | Reached skill level 8 in Unarmed Combat
 11737 | D:8      | Noticed a hippogriff
 11747 | D:8      | Killed a hippogriff
 11747 | D:8      | Gained mutation: You sometimes gain a little power by
                  | taking damage. [demonic ancestry]
 11747 | D:8      | Reached XP level 9. HP: 38/69 MP: 12/12
 12167 | D:8      | You fall into a shaft and drop 2 floors!
 12167 | D:10     | Entered Level 10 of the Dungeon
 12567 | D:9      | Reached skill level 9 in Unarmed Combat
 13434 | D:9      | Noticed an oklob plant
 13434 | D:9      | Noticed an oklob plant
 13436 | D:9      | Paralysed by a floating eye for 4 turns
 13446 | D:9      | Paralysed by a floating eye for 2 turns
 13535 | D:9      | Reached XP level 10. HP: 17/79 MP: 13/13
 13998 | D:9      | Found a hide-covered altar of Uskayaw.
 14307 | D:10     | Reached skill level 10 in Unarmed Combat
 14407 | D:10     | Noticed a green ugly thing
 14762 | D:10     | Killed a green ugly thing
 14882 | D:10     | Noticed Harold
 14883 | D:10     | Noticed a death yak
 14902 | D:10     | Noticed a death yak
 14908 | D:10     | Noticed a death yak
 15279 | D:9      | HP: 2/79 [Harold/+2 long sword of holy wrath (7)]
 15333 | D:10     | Slain by a yak

Illustrated notes

Levels and vault maps discovered:
D:1:      lemuel_arrival_broad_hall, layout_loops_corners
D:2:      layout_basic, makhleb_blood_cavern_becter
D:3:      layout_basic, kiku_gazebo_garden_becter, yredelemnul_altar_generic,
          serial_forest, infiniplex_forest_lined_3_way,
          infiniplex_forest_lined_4_way, infiniplex_forest_straight_1,
          infiniplex_forest_clump_tiny, infiniplex_forest_corner_1,
          infiniplex_forest_clump_small, infiniplex_forest_zigzag_2,
          infiniplex_forest_end_2
D:4:      layout_basic, minmay_vboxes
D:5:      cheibrodos_two_vegetables, layout_basic, kennysheep_generic_room_15
D:6:      layout_cave_pods, nicolae_ru_the_path_less_chosen,
          minmay_temple_entry_large_hall, basic_altar, serial_shops,
          nicolae_shop_crystal, corexii_leaking_fountain,
          minmay_misc_feat_plants
D:7:      layout_cave_pools, chequers_temple_overflow_minitemple,
          nemelex_dance_club_becter
D:8:      layout_basic
D:9:      layout_roguey, basic_altar, disabler_island
D:10:     layout_rooms, dpeg_lair_monsters, uniq_harold
Temple:   regret_index_temple_sphere_string

Skill      XL: |  1  2  3  4  5  6  7  8  9 10 |
---------------+-------------------------------+-----
Unarmed Combat | 3 4 5 6 8 9 10 | 10.3
Transmutations | 2 3 4 5 6 7 |  7.2
Fighting       | 2 3 4 5 7 |  7.6
Dodging        | |  1.7
Spellcasting   | |  2.0

Action                   |  1- 3 |  4- 6 |  7- 9 | 10-12 || total
-------------------------+-------+-------+-------+-------++-------
Melee: Unarmed           |   163 |   112 |   211 |    92 ||   578
       Punch             |     1 |     5 |    16 |     5 ||    27
       Dagger            |       |   161 |   228 |       ||   389
Throw: Dart              |       |     6 |       |       ||     6
Invok: Potion Petition   |       |       |       |     1 ||     1
  Use: Potion            |     2 |     3 |     4 |     3 ||    12
       Scroll            |       |    13 |     3 |     3 ||    19
 Stab: Sleeping          |     5 |       |     1 |     4 ||    10
       Invisible         |       |       |     1 |     2 ||     3
       Distracted        |       |       |     1 |       ||     1
Armor: Robe              |    57 |    86 |       |       ||   143
       Leather armour    |       |    14 |   127 |    23 ||   164
Dodge: Dodged            |   104 |   162 |   245 |    46 ||   557

Table legend: (Time is in decaauts)
 A = Elapsed time spent in this place.
 B = Non-inter-level travel time spent in this place.
 C = Inter-level travel time spent in this place.
 D = Time resting spent in this place.
 E = Time spent auto-exploring this place.
 F = Levels seen in this place.
 G = Mean time per level.
                   A        B        C        D        E       F      G
               +--------+--------+--------+--------+--------+-----+--------+
         Total |  15281 |  14879 |    402 |   4892 |   7914 |  11 | 1389.2 |
       Dungeon |  15116 |  14728 |    388 |   4892 |   7779 |  10 | 1511.6 |
        Temple |    164 |    151 |     13 |      0 |    135 |   1 |  164.0 |
               +--------+--------+--------+--------+--------+-----+--------+

Top non-repeatable levels by time:
     D:9: 2649 daAuts
     D:3: 2291 daAuts
     D:5: 2128 daAuts
     D:2: 2082 daAuts
     D:1: 1474 daAuts
     D:4: 1416 daAuts
     D:6: 1230 daAuts
     D:7: 907 daAuts
     D:8: 480 daAuts
    D:10: 457 daAuts
  Temple: 164 daAuts
